 Dungeon Crawl Stone Soup version 0.30-a0-1085-g990a428a5c (webtiles) character file.

Game seed: 6535639728579781992

73 kitsune the Slasher (level 4, 0/12 (34) HPs)
             Began as a Human Reaver on Apr 17, 2023.
             Slain by a cerulean imp
             ... wielding a +2 spear
             ... summoned by Natasha
              (5 damage)
             ... on level 2 of the Dungeon.
             The game lasted 00:03:28 (1084 turns).

kitsune the Slasher (Human Reaver)                  Turns: 1084, Time: 00:03:29

HP:   0/12 (34)     AC:  3    Str: 13    XL:     4   Next: 51%
MP:   6/7           EV: 11    Int: 15    God:
Gold: 129           SH:  0    Dex: 11    Spells: 6/7 levels left

rFire   . . .      SeeInvis .    a - +0 falchion
rCold   . . .      Faith    .    (no shield)
rNeg    . . .      Spirit   .    b - +0 leather armour
rPois   .          Reflect  .    (no helmet)
rElec   .          Rampage  .    (no cloak)
rCorr   .                        (no gloves)
Will    .....                    (no boots)
Stlth   +                        (no amulet)
HPRegen 0.22/turn                (no ring)
MPRegen 0.10/turn                (no ring)

@: extremely drained
A: no striking features
a: no special abilities


You were on level 2 of the Dungeon.
You visited 1 branch of the dungeon, and saw 2 of its levels.

You collected 129 gold pieces.

Inventory:

Hand Weapons
 a - a +0 falchion (weapon)
Armour
 b - a +0 leather armour (worn)
Scrolls
 c - 3 scrolls of identify {unknown}
 d - a scroll of teleportation {unknown}
 h - a scroll of poison {unknown}
 i - a scroll of noise {unknown}
 j - a scroll of immolation {unknown}
 k - a scroll of enchant weapon {unknown}
Potions
 e - a potion of degeneration {unknown}
 f - 3 potions of curing {unknown}
 g - a potion of mutation {unknown}


   Skills:
 + Level 2.4 Fighting
 + Level 3.5 Long Blades
 + Level 2.4 Dodging
 + Level 2.3 Spellcasting
 + Level 3.4 Conjurations
 * Level 1.2 Necromancy


You had 6 spell levels left.
You knew the following spells:

 Your Spells              Type           Power      Damage    Failure   Level
a - Kiss of Death         Conj/Necr      32%        2d7       11%         1

Your spell library contained the following spells:

 Spells                   Type           Power      Damage    Failure   Level
 Momentum Strike          Conj/Tloc      12%        3d8       21%         2
 Hailstorm                Conj/Ice       6%         3d4       38%         3


Dungeon Overview and Level Annotations

Branches:
Dungeon (2/15)

Altars:

Annotations:
D:2 Natasha


Message History

Natasha glows brightly for a moment.
The jackal closely misses you.
You hit the jackal.
The jackal is heavily wounded.
The jackal barely misses you.
The jackal bites you but does no damage.
You barely miss the jackal.
The jackal is heavily wounded.
The jackal bites you.
Natasha mumbles some strange words.
You are too injured to fight recklessly!
You are too injured to fight recklessly!
You are too injured to fight recklessly!
You hit the jackal.
You kill the jackal!
Natasha stares at you and mumbles some strange words.
You resist with some effort.
Found a scroll labelled OSUATR DAGG.
Found an escape hatch in the ceiling.
The cerulean imp hits you with a +1 spear.
You barely miss Natasha.
The cerulean imp hits you with a +1 spear.
Natasha closely misses you.
Sorry, you're not good enough to have a special ability.
Aiming: Kiss of Death (safe; 11% risk of failure)
Press: ? - help, Q - select action Shift-Dir - straight line, f - Natasha
Aim: Natasha (100% to hit)
The negative energy hits Natasha.
Natasha is drained!
Natasha is heavily wounded.
You feel drained. The cerulean imp closely misses you.
Natasha casts a spell.
You completely miss Natasha.
Natasha is heavily wounded.
The cerulean imp barely misses you. Natasha claws you.
The cerulean imp hits you with a +2 spear.
You miss Natasha.
Natasha is heavily wounded.
The cerulean imp misses you. Natasha claws you but does no damage.
The cerulean imp hits you with a +2 spear.
You die...

##...............#
##............(##
..............##
......####.###.#
....... #..##.#
.##..... ##..#.#
#.....< ##...#
......##†.##
?.....5@5.#
......h#..#
...$.####.# ..)>
.# ... .# .. ## .


You could see Natasha (very drained) and 2 cerulean imps.

Vanquished Creatures
  3 adders (D:2)
  2 worms (D:2)
  2 dart slugs
  3 endoplasms
  A giant cockroach (D:1)
  3 goblins
  6 jackals
  A quokka (D:1)
  A ball python (D:1)
  2 bats
  7 frilled lizards
  4 kobolds
  4 rats
39 creatures vanquished.

Notes
Turn   | Place    | Note
-------+----------+-------------------------------------------
     0 | D:1      | kitsune the Human Reaver began the quest for the Orb.
     0 | D:1      | Reached XP level 1. HP: 16/16 MP: 3/3
   115 | D:1      | Reached XP level 2. HP: 22/22 MP: 5/5
   532 | D:1      | Reached XP level 3. HP: 16/16 MP: 6/6
   800 | D:2      | Reached XP level 4. HP: 21/22 MP: 5/7
  1008 | D:2      | Reached skill level 1 in Necromancy
  1075 | D:2      | Noticed Natasha
  1084 | D:2      | Slain by a cerulean imp

Illustrated notes

Levels and vault maps discovered:
D:1:      tarquinn_simple_flora_water_c, layout_basic, st_stairs_7
D:2:      layout_rooms, uniq_natasha, uniq_crazy_yiuf_cottage

Skill      XL: |  1  2  3  4 |
---------------+-------------+-----
Necromancy     | 1 |  1.2
Fighting       | |  2.4
Long Blades    | |  3.5
Dodging        | |  2.4
Spellcasting   | |  2.3
Conjurations   | |  3.4

Action                     |  1- 3 |  4- 6 || total
---------------------------+-------+-------++-------
  Melee: Falchion          |   106 |    32 ||   138
   Cast: Kiss of Death     |     5 |     2 ||     7
 Armour: Leather armour    |    30 |     9 ||    39
  Dodge: Dodged            |    71 |    23 ||    94

Table legend: (Time is in decaauts)
 A = Elapsed time spent in this place.
 B = Non-inter-level travel time spent in this place.
 C = Inter-level travel time spent in this place.
 D = Time resting spent in this place.
 E = Time spent auto-exploring this place.
 F = Levels seen in this place.
 G = Mean time per level.
                   A        B        C        D        E       F      G
               +--------+--------+--------+--------+--------+-----+--------+
         Total |   1103 |   1088 |     15 |     97 |    727 |   2 |  551.5 |
       Dungeon |   1103 |   1088 |     15 |     97 |    727 |   2 |  551.5 |
               +--------+--------+--------+--------+--------+-----+--------+

Top non-repeatable levels by time:
     D:1: 674 daAuts
     D:2: 428 daAuts
